 Dungeon Crawl Stone Soup version 0.29.0-4-gdea44cf6ec (webtiles) character file.

Game seed: 7590359797191520910

693 Flugkiller the Chopper (level 7, -2/63 HPs)
             Began as a Minotaur Fighter on Aug 27, 2022.
             Slain by a gnoll
             ... wielding a +0 halberd
              (3 damage)
             ... on level 4 of the Dungeon.
             The game lasted 00:01:37 (3054 turns).

Flugkiller the Chopper (Minotaur Fighter)           Turns: 3054, Time: 00:01:37

Health: -2/63      AC: 13    Str: 20    XL:     7   Next: 37%
Magic:  6/6        EV:  5    Int:  5    God:
Gold:   162        SH:  4    Dex: 12    Spells: 6/6 levels left

rFire   . . .      SeeInvis .   a - +0 war axe
rCold   . . .      Faith    .   c - +0 buckler
rNeg    . . .      Spirit   .   o - +1 plate armour
rPois   .          Reflect  .   (helmet restricted)
rElec   .          Harm     .   (no cloak)
rCorr   .          Rampage  .   (no gloves)
Will    .....                   (no boots)
Stlth   ..........              (no amulet)
HPRegen 0.20/turn               (no ring)
MPRegen 0.10/turn               (no ring)

@: no status effects
A: horns 2, retaliatory headbutt
a: no special abilities


You were on level 4 of the Dungeon.
You visited 1 branch of the dungeon, and saw 4 of its levels.

You collected 162 gold pieces.

Inventory:

Hand Weapons
 a - a +0 war axe (weapon)
Missiles
 m - 8 boomerangs (quivered)
Armour
 b - a +0 scale mail
 c - a +0 buckler (worn)
 o - a +1 plate armour (worn)
   (You found it on level 2 of the Dungeon)
Scrolls
 h - a scroll of vulnerability
 i - a scroll of enchant armour
 j - 2 scrolls of immolation
 k - a scroll of summoning
 l - a scroll of magic mapping
 t - a scroll of teleportation
Potions
 d - 2 potions of might
 f - 2 potions of mutation {unknown}
 n - 2 potions of brilliance {unknown}
 p - 2 potions of curing {unknown}
 q - 3 potions of cancellation {unknown}


   Skills:
 + Level 6.0 Fighting
 * Level 7.3 Axes
 + Level 6.0 Armour
 - Level 3.6 Shields


You had 6 spell levels left.
You didn't know any spells.
Your spell library was empty.

Dungeon Overview and Level Annotations

Branches:
Dungeon (4/15)
 Temple: D:4-7

Altars:
Xom

Shops:
D:1 *


Innate Abilities, Weirdness & Mutations

You have a pair of horns on your head.
You reflexively headbutt those who attack you in melee.


Message History

You are too injured to fight recklessly!
You are too injured to fight recklessly!
You are too injured to fight recklessly!
You are too injured to fight recklessly!
You are too injured to fight recklessly!
You are too injured to fight recklessly!
You start resting.
HP restored.
As you read the scroll of identify, it crumbles to dust.
e - 2 potions of degeneration Unknown command.
You open the door.
There is an open door here.
You open the door.
There is an open door here.
You open the door. 3 gnolls come into view.
The gnoll shouts! x3; You hear a shout!
There are monsters nearby!
There are monsters nearby!
You drop 2 potions of degeneration.
You drop a scroll of amnesia.
You block the gnoll's attack.
A kobold and a gnoll come into view.
The kobold shouts!
The gnoll barely misses you. The gnoll hits you but does no damage.
The gnoll closely misses you.
There is an open door here.
You barely miss the gnoll. Your headbutt misses the gnoll.
The gnoll hits you with a +0 halberd.
The gnoll hits you from afar with a +0 spear.
The gnoll hits you from afar with a +0 halberd.
The gnoll hits you with a +0 halberd.
The gnoll hits you from afar with a +0 halberd.
The gnoll hits you from afar with a +0 spear.
You barely miss the gnoll.
You headbutt the gnoll, but do no damage.
The gnoll completely misses you.
The gnoll hits you from afar with a +0 spear.
The gnoll hits you but does no damage.
You hit the gnoll. You headbutt the gnoll.
The gnoll is moderately wounded.
The gnoll hits you with a +0 halberd!
The gnoll hits you from afar with a +0 spear.
The gnoll barely misses you.
You slash the gnoll!
You kill the gnoll!
The gnoll hits you but does no damage. x2
You hit the gnoll. You headbutt the gnoll!
The gnoll is severely wounded.
The gnoll barely misses you. You furiously retaliate!
You headbutt the gnoll. The gnoll completely misses you.
The gnoll hits you but does no damage.
You completely miss the gnoll.
The gnoll is almost dead.
You block the gnoll's attack. The gnoll barely misses you.
The gnoll hits you but does no damage. x2
The gnoll hits you from afar with a +0 halberd.
The gnoll hits you but does no damage.
You slash the gnoll!
You kill the gnoll!
The gnoll barely misses you. The gnoll hits you but does no damage.
You slash the kobold!
You kill the kobold!
You block the gnoll's attack.
The gnoll hits you from afar with a +0 spear.
You are too injured to fight recklessly!
You are too injured to fight recklessly!
You are too injured to fight recklessly!
You are too injured to fight recklessly!
You are too injured to fight recklessly!
Things that are here:
a scroll of amnesia; 2 potions of degeneration
There is an open door here.
The gnoll hits you but does no damage.
You slash the gnoll!
You kill the gnoll!
You block the gnoll's attack. You block the gnoll's attack.
You see here a +0 spear.
You hit the gnoll.
The gnoll is moderately wounded.
The gnoll hits you with a +0 halberd!
You barely miss the gnoll. You headbutt the gnoll.
The gnoll is severely wounded.
The gnoll hits you with a +0 halberd.
* * * LOW HITPOINT WARNING * * *
The gnoll hits you with a +0 halberd!
* * * LOW HITPOINT WARNING * * *
You are too injured to fight recklessly!
You barely miss the gnoll.
The gnoll is severely wounded.
The gnoll hits you with a +0 halberd!
* * * LOW HITPOINT WARNING * * *
You hit the gnoll but do no damage.
The gnoll is severely wounded.
The gnoll barely misses you.
Unknown command.
You barely miss the gnoll. Your headbutt misses the gnoll.
The gnoll is severely wounded.
The gnoll hits you with a +0 halberd.
You die...

.....##.##.#.#
.....##......#
###.. ####.#.#####
#..# #.#.....# ...#
..#####.## .#.##.
#..#####..# ......
..........#
######+#########..#
####.#.#..... #@.#
##.(.#.##.g. #g.#
##...#..##g#####..#
#....#...#'#...'..#
#...'#.#...?g.##..#
#.###..##.##.###..#
####....###..#.#..#
'....###⌠...#'.#..#
####....###..#.#..#


You could see a gnoll.

Vanquished Creatures
  Grinder (D:4)
  Sigmund (D:2)
  A black bear (D:4)
  Natasha (twice) (D:3)
  An orc wizard (D:3)
  8 adders
  3 gnolls (D:4)
  A dart slug (D:2)
  5 orcs (D:3)
  6 bats
  9 endoplasms
  2 giant cockroaches (D:3)
  2 hobgoblins
  A jackal (D:4)
  7 quokkas
  12 ball pythons
  2 frilled lizards
  9 goblins
  5 kobolds
  5 rats
83 creatures vanquished.

Vanquished Creatures (others)
  3 plants (D:4)
3 creatures vanquished.

Grand Total: 86 creatures vanquished

Notes
Turn   | Place    | Note
-------+----------+-------------------------------------------
     0 | D:1      | Flugkiller the Minotaur Fighter began the quest for the
                  | Orb.
     0 | D:1      | Reached XP level 1. HP: 19/19 MP: 0/0
   141 | D:1      | Reached skill level 3 in Axes
   141 | D:1      | Reached XP level 2. HP: 26/27 MP: 1/1
   163 | D:1      | Noticed an eye of devastation
   164 | D:1      | Found a faded altar of an unknown god.
   201 | D:1      | Found Ceos's General Store.
   422 | D:1      | Noticed a great orb of eyes
   426 | D:1      | Noticed an eye of devastation
   829 | D:2      | Reached XP level 3. HP: 33/33 MP: 2/2
  1444 | D:2      | Noticed Sigmund
  1455 | D:2      | Killed Sigmund
  1456 | D:2      | Reached skill level 5 in Axes
  1456 | D:2      | Reached XP level 4. HP: 17/41 MP: 3/3
  1456 | D:2      | Reached XP level 5. HP: 19/47 MP: 4/4
  1753 | D:3      | Reached skill level 5 in Fighting
  1753 | D:3      | Reached skill level 5 in Armour
  1766 | D:3      | Reached XP level 6. HP: 29/56 MP: 5/5
  2097 | D:3      | Noticed Natasha
  2101 | D:3      | Killed Natasha
  2179 | D:3      | Noticed Natasha
  2188 | D:3      | Killed Natasha
  2290 | D:4      | Reached skill level 6 in Axes
  2328 | D:4      | Noticed Grinder
  2341 | D:4      | Killed Grinder
  2342 | D:4      | Reached XP level 7. HP: 57/62 MP: 6/6
  2555 | D:4      | Found a shimmering altar of Xom.
  2644 | D:4      | Reached skill level 7 in Axes
  3052 | D:4      | HP: 1/63 [gnoll/+0 halberd (7)]
  3054 | D:4      | Slain by a gnoll

Illustrated notes

Levels and vault maps discovered:
D:1:      moated_graveyard_arrival, layout_loops_ring, serial_shops,
          nicolae_shop_advertising_works [nicolae_subvault_shop_adworks],
          hellmonk_ecumenical_altar_watching_god
D:2:      layout_basic, mrwooster_statue_mirror, st_stairs_7, uniq_sigmund
D:3:      layout_rooms, uniq_natasha
D:4:      layout_loops_cross, mainiacjoe_overflow_brackets, serial_bayou,
          serial_bayou_lake_a, serial_bayou_pond_a, serial_bayou_pond_e,
          serial_bayou_shore_b, hangedman_abyss_or_decor_lesser_grid,
          minmay_crystal_water, minmay_pentangle, uniq_grinder

Skill      XL: |  1  2  3  4  5  6  7 |
---------------+----------------------+-----
Axes           | 3 5 6 7 |  7.3
Fighting       | 4 5 6 |  6.0
Armour         | 4 5 6 |  6.0
Shields        | |  3.6

Action                   |  1- 3 |  4- 6 |  7- 9 || total
-------------------------+-------+-------+-------++-------
Melee: War axe           |    69 |    72 |    35 ||   176
       Headbutt          |     6 |    11 |     8 ||    25
  Use: Scroll            |       |       |     8 ||     8
Armor: Scale mail        |    27 |       |       ||    27
       Plate armour      |     4 |    61 |    29 ||    94
Dodge: Dodged            |    25 |    13 |    12 ||    50
Block: Buckler           |    15 |    20 |    13 ||    48
